 Dungeon Sprint DCSS version 0.28-a0-957-g42eb19b844 (webtiles) character file.

Game seed: 16990177870638972165

2321 Turgor the Unseen (level 9, -9/45 HPs)
             Began as a Vampire Enchanter on Nov 30, 2021.
             Was an Initiate of Nemelex Xobeh.
             Mangled by a skeletal warrior (18 damage)
             ... in the Dungeon (Sprint IX: "|||||||||||||||||||||||||||||").
             The game lasted 00:09:25 (243 turns).

Turgor the Unseen (Vampire Enchanter)                Turns: 243, Time: 00:09:27

Health: -9/45      AC:  6    Str:  7    XL:     9   Next: 18%
Magic:  5/21       EV: 14    Int: 17    God:    Nemelex Xobeh [......]
Gold:   0          SH:  0    Dex: 19    Spells: 19/24 levels left

rFire   . . .      SeeInvis +   l - +2 rapier (drain)
rCold   + + .      Faith    .   (no shield)
rNeg    + + +      Spirit   .   b - +0 robe
rPois   ∞          Reflect  .   (no helmet)
rElec   .          Harm     .   m - +0 cloak
rCorr   .          Rampage  .   n - +0 pair of gloves
Will    .....      NoTele   +   (no boots)
Stlth   +++++++++.              (no amulet)
HPRegen 0.00/turn               o - +2 ring of protection
MPRegen 0.17/turn               p - +2 ring of evasion

@: very slightly contaminated, bloodless, inhibited regen
A: bloodless, fangs 3, see invisible, vampiric 2
a: Bat Form, Revivify, Renounce Religion, Draw Escape, Draw Destruction, Draw
Summoning


You were in the Dungeon.
You worshipped Nemelex Xobeh.
Nemelex Xobeh was noncommittal.
You visited 1 branch

Inventory:

Hand Weapons
 l - a +2 rapier of draining (weapon)
 q - a +2 dagger of venom
Armour
 b - a +0 robe (worn)
 m - a +0 cloak (worn)
 n - a +0 pair of gloves (worn)
Jewellery
 o - a +2 ring of protection (left hand)
 p - a +2 ring of evasion (right hand)
Wands
 k - a wand of iceblast (10)
Scrolls
 i - 2 scrolls of blinking
 j - 2 scrolls of amnesia
Potions
 c - 2 potions of invisibility
 d - 5 potions of curing
 e - 3 potions of heal wounds
 f - a potion of haste
 g - 4 potions of magic
 h - a potion of berserk rage


   Skills:
 + Level 9.4 Short Blades
 - Level 2.1 Dodging
 + Level 19.1 Stealth
 + Level 8.1 Spellcasting
 * Level 17.2 Hexes


You had 19 spell levels left.
You knew the following spells:

 Your Spells              Type           Power      Damage    Failure   Level
a - Ensorcelled Hibernat  Hex/Ice        72%        N/A       1%          2
b - Confusing Touch       Hex            60%        N/A       1%          3

Your spell library contained the following spells:

 Spells                   Type           Power      Damage    Failure   Level
 Dazzling Flash           Conj/Hex       72%        N/A       1%          3
 Tukima's Dance           Hex            60%        N/A       1%          3


Dungeon Overview and Level Annotations

Branches:
Dungeon (1/1)

Altars:
Cheibriados
Dithmenos
Elyvilon
Fedhas
Gozag
Hepliaklqana
Kikubaaqudgha
Makhleb
Nemelex Xobeh
Okawaru
Qazlal
Ru
Sif Muna
Trog
Uskayaw
Vehumet
Wu Jian
Xom
Yredelemnul
Zin
The Shining One
Beogh
Jiyva
Lugonu


Innate Abilities, Weirdness & Mutations

You do not regenerate when monsters are visible.
You are frail without blood (-20% HP).
You can heal yourself when you bite living creatures.
You are immune to poison.
You have razor-sharp teeth.
You have supernaturally acute eyesight. (SInv)
You are afflicted with vampirism and can become a bat while bloodless.


Message History

Casting: Ensorcelled Hibernation (safe; 1% risk of failure)
Confirm with . or Enter, or press ? or * to list all spells.
Aiming: Ensorcelled Hibernation (safe; 1% risk of failure)
Press: ? - help, Shift-Dir - straight line, f - boulder beetle
Aim: a boulder beetle (chance to affect: 44%)
The boulder beetle looks drowsy...
The helpless boulder beetle fails to defend itself.
You skewer the boulder beetle like a kebab!!!!
You kill the boulder beetle!
The centaur warrior wields a +0 longbow.
The centaur warrior shoots an arrow.
The arrow hits you!!
Your Short Blades skill increases to level 9!
Your Stealth skill increases to level 19!
Your Spellcasting skill increases to level 8!
Your Hexes skill increases to level 17!
You have reached level 9!
Your experience leads to an increase in your attributes!
Increase (S)trength, (I)ntelligence, or (D)exterity?
You feel agile. x2
The centaur warrior unwields a +0 longbow.
The centaur warrior hits you.
The centaur warrior kicks you but does no damage.
The skeletal warrior misses you.
Things that are here:
3 large rocks; a cyclops corpse
Casting: Ensorcelled Hibernation (safe; 1% risk of failure)
Confirm with . or Enter, or press ? or * to list all spells.
Aiming: Ensorcelled Hibernation (safe; 1% risk of failure)
Press: ? - help, Shift-Dir - straight line, f - centaur warrior
Aim: a centaur warrior, quivering arrows (chance to affect: 47%)
You miscast Ensorcelled Hibernation.
You are very lightly contaminated with residual magic.
Nothing appears to happen.
The centaur warrior misses you.
The centaur warrior kicks you but does no damage.
The centaur warrior hits you!
* * * LOW HITPOINT WARNING * * *
The centaur warrior kicks you but does no damage.
The skeletal warrior hits you from afar with a +0 trident!!
You die...
Your body disappears without a glow.

▓+▓
▓.▓
▓J▓
▓z▓
▓c▓
▓@▓
▓(▓
▓'▓
▓.▓
▓)▓
▓)▓
▓)▓
▓)▓
▓)▓


You could see a skeletal warrior, a slime creature and a centaur warrior.

Vanquished Creatures
  A boulder beetle (D)
  A two-headed ogre (D)
  2 cyclopes (D)
  An orc warrior (D)
  A centaur (D)
  A scorpion (D)
  A killer bee (D)
  A gnoll shaman (D)
  2 orc wizards (D)
  A gnoll (D)
  An ufetubus (D)
  An adder skeleton (D)
  A bat (D)
  A kobold (D)
  A quokka (D)
  A frilled lizard (D)
  A rat (D)
19 creatures vanquished.

Notes
Turn   | Place    | Note
-------+----------+-------------------------------------------
     0 | D        | Turgor the Vampire Enchanter began the quest for the Orb.
     0 | D        | Reached XP level 1. HP: 13/13 MP: 3/3
    12 | D        | Reached skill level 5 in Stealth
    14 | D        | Reached skill level 6 in Stealth
    20 | D        | Reached skill level 7 in Stealth
    22 | D        | Noticed a scorpion
    22 | D        | Noticed a gnoll shaman
    25 | D        | Reached skill level 8 in Stealth
    25 | D        | Reached XP level 2. HP: 15/15 MP: 5/5
    27 | D        | Reached skill level 9 in Stealth
    29 | D        | Reached skill level 11 in Stealth
    29 | D        | Gained mutation: You are afflicted with vampirism and can
                  | become a bat while bloodless. [Vampire growth]
    29 | D        | Reached XP level 3. HP: 19/19 MP: 6/6
    32 | D        | Killed a scorpion
    33 | D        | Reached skill level 14 in Stealth
    33 | D        | Reached XP level 4. HP: 24/24 MP: 7/7
    40 | D        | Found a snail-covered altar of Cheibriados.
    40 | D        | Found a shadowy altar of Dithmenos.
    40 | D        | Found a blossoming altar of Fedhas.
    40 | D        | Found an opulent altar of Gozag.
    41 | D        | Found a hazy altar of Hepliaklqana.
    42 | D        | Found a viscous altar of Jiyva.
    43 | D        | Found an ancient bone altar of Kikubaaqudgha.
    44 | D        | Found a corrupted altar of Lugonu.
    45 | D        | Found a burning altar of Makhleb.
    46 | D        | Found a sparkling altar of Nemelex Xobeh.
    47 | D        | Found an iron altar of Okawaru.
    48 | D        | Found a stormy altar of Qazlal.
    49 | D        | Found a sacrificial altar of Ru.
    50 | D        | Found a shimmering blue altar of Sif Muna.
    51 | D        | Found a bloodstained altar of Trog.
    52 | D        | Found a hide-covered altar of Uskayaw.
    53 | D        | Found a radiant altar of Vehumet.
    54 | D        | Became a worshipper of Nemelex Xobeh the Trickster
    55 | D        | Found an ornate altar of the Wu Jian Council.
    56 | D        | Found a shimmering altar of Xom.
    57 | D        | Found a basalt altar of Yredelemnul.
    70 | D        | Learned a level 2 spell: Ensorcelled Hibernation
    74 | D        | Learned a level 3 spell: Confusing Touch
   106 | D        | Noticed a centaur
   106 | D        | Noticed a two-headed ogre
   106 | D        | Noticed an orc warrior
   108 | D        | Killed an orc warrior
   109 | D        | Reached skill level 15 in Stealth
   109 | D        | Reached XP level 5. HP: 28/28 MP: 7/10
   110 | D        | Killed a two-headed ogre
   111 | D        | Reached skill level 17 in Stealth
   111 | D        | Reached XP level 6. HP: 32/32 MP: 8/15
   111 | D        | Reached XP level 7. HP: 36/36 MP: 8/16
   231 | D        | Noticed a slime creature
   231 | D        | Noticed a skeletal warrior
   231 | D        | Noticed a centaur warrior
   231 | D        | Noticed a boulder beetle
   231 | D        | Noticed a cyclops
   231 | D        | Noticed a cyclops
   234 | D        | Killed a cyclops
   235 | D        | Reached skill level 18 in Stealth
   235 | D        | Reached skill level 15 in Hexes
   235 | D        | Reached XP level 8. HP: 30/41 MP: 14/18
   239 | D        | Killed a cyclops
   241 | D        | Killed a boulder beetle
   242 | D        | Reached skill level 19 in Stealth
   242 | D        | Reached XP level 9. HP: 22/45 MP: 7/21
   243 | D        | Mangled by a skeletal warrior

Illustrated notes

Levels and vault maps discovered:
D:        linesprint [early_d, line_temple, items_1, d_10, items_2, lair_1,
          lair_end, items_3, orc_1, orc_end, items_4, d_15, swamp_1, shoals_1,
          snake_1, spider_1, d_20, vaults_1, items_5, swamp_end, shoals_end,
          snake_end, spider_end, vaults_end, d_27, items_6, zot_1, zot_end,
          crypt_end, forest_end, elf_end, slime_end, tomb_end, abyss_end,
          pan_hell_end]

Skill      XL: |  1  2  3  4  5  6  7  8 |
---------------+-------------------------+-----
Stealth        | 8 11 14 15 17 18 19 | 19.1
Short Blades   | 3 6 8 9 |  9.4
Spellcasting   | 3 6 8 |  8.1
Hexes          | 7 13 15 17 | 17.2
Dodging        | |  2.1

Action                   |  1- 3 |  4- 6 |  7- 9 || total
-------------------------+-------+-------+-------++-------
Melee: Dagger            |    11 |       |       ||    11
       Rapier            |       |     2 |    10 ||    12
 Cast: Ensorcelled Hiber |       |       |    10 ||    10
 Abil: Exsanguinate      |     1 |       |       ||     1
 Stab: Sleeping          |     9 |     2 |     7 ||    18
Armor: Robe              |     1 |       |     6 ||     7
Dodge: Dodged            |       |       |    10 ||    10

Table legend: (Time is in decaauts)
 A = Elapsed time spent in this place.
 B = Non-inter-level travel time spent in this place.
 C = Inter-level travel time spent in this place.
 D = Time resting spent in this place.
 E = Time spent auto-exploring this place.
 F = Levels seen in this place.
 G = Mean time per level.
                   A        B        C        D        E       F      G
               +--------+--------+--------+--------+--------+-----+--------+
         Total |    239 |    239 |      0 |     91 |      0 |   1 |  239.0 |
       Dungeon |    239 |    239 |      0 |     91 |      0 |   1 |  239.0 |
               +--------+--------+--------+--------+--------+-----+--------+

Top non-repeatable levels by time:
       D: 239 daAuts
